 Dungeon Crawl Stone Soup version 0.19.1-1-g22dce08 (webtiles) character file.

56 Lennu the Insei (level 3, -1/18 HPs)
             Began as a Vine Stalker Transmuter on Jan 5, 2017.
             Slain by a worker ant (2 damage)
             ... on level 4 of the Dungeon.
             The game lasted 00:06:34 (2097 turns).

Lennu the Insei (Vine Stalker Transmuter)           Turns: 2097, Time: 00:06:34

Health: -1/18      AC:  6    Str: 12    XL:     3   Next: 95%
Magic:  0/7        EV: 11    Int: 13    God:
Gold:   114        SH:  0    Dex: 15    Spells: 1 memorised, 5 levels left

rFire  . . .     SeeInvis .       - Unarmed
rCold  . . .     Gourm    .     i - +0 ring mail
rNeg   . . .     Faith    .     (no shield)
rPois  .         Spirit   +     (no helmet)
rElec  .         Reflect  .     (no cloak)
rCorr  .         Harm     .     l - +0 pair of gloves
MR     .....                    (no boots)
Stlth  +.........               (no amulet)
                                (no ring)
                                (no ring)

@: no status effects
A: fangs 2, magic shield, antimagic bite, no device heal 3, rot immunity
a: no special abilities


You were on level 4 of the Dungeon.
You were not hungry.

You visited 1 branch of the dungeon, and saw 3 of its levels.

You collected 114 gold pieces.

Inventory:

Missiles
 a - 73 arrows
Armour
 b - a +0 robe
 i - a +0 ring mail (worn)
 l - a +0 pair of gloves (worn)
Jewellery
 n - an uncursed amulet of the gourmand {unknown}
Scrolls
 e - 2 scrolls of remove curse {unknown}
 j - a scroll of amnesia {unknown}
 k - 2 scrolls of magic mapping {unknown}
 m - a scroll of identify {unknown}
Potions
 h - 2 potions of cancellation {unknown}
Books
 c - a book of Changes

   Spells                             Type                      Level
   a - Beastly Appendage              Transmutation                1
   b - Sticks to Snakes               Transmutation                2
   c - Spider Form                    Transmutation/Poison         3
   d - Ice Form                       Ice/Transmutation            4
   e - Blade Hands                    Transmutation                5
Comestibles
 d - a bread ration
 f - 4 chunks of flesh
 g - 2 meat rations


   Skills:
 + Level 1.0 Fighting
 + Level 2.1 Dodging
 + Level 0.6 Stealth
 + Level 3.6 Unarmed Combat
 + Level 2.4 Spellcasting
 + Level 2.5 Transmutations


You had 5 spell levels left.
You knew the following spells:

 Your Spells              Type           Power        Failure   Level  Hunger
a - Beastly Appendage     Tmut           #.....       21%         1    #......


Dungeon Overview and Level Annotations

Branches:
Dungeon (2/15)

Altars:
The Shining One


Innate Abilities, Weirdness & Mutations

You have extremely sharp teeth.
When hurt, damage is shared between your health and your magic reserves.
Your bite disrupts and absorbs the magic of your enemies.
Potions and wands cannot restore your health.
You are immune to rotting.


Message History

The adder hisses angrily.
A worker ant comes into view.
The worker ant twitches its antennae in your direction.
You hit the worker ant. Your bite misses the worker ant.
The worker ant is lightly wounded.
The worker ant bites you but does no damage.
The ogre hits you with a giant spiked club!!
Ouch! That really hurt!
* * * LOW HITPOINT WARNING * * *
You hit the worker ant but do no damage.
The worker ant is lightly wounded.
The worker ant closely misses you.
You hit the ogre. Your bite misses the ogre.
The ogre is lightly wounded.
The worker ant bites you but does no damage.
The ogre closely misses you.
Your ring mail prevents you from hitting the ogre.
The ogre is lightly wounded.
The worker ant misses you. The ogre misses you. The worker ant bites you.
You die...

#....#
##.#.# ###.#
####.######
#....Z......
#Z##.##.....
#S##.S. S...
#O#####.....
#@# ....
#.a.....####
#########


You could see an ogre, a worker ant, an adder and a quokka skeleton.

Vanquished Creatures
  2 adders (D:2)
  A worm (D:2)
  2 dart slugs
  2 ball pythons
  4 bats
  A giant cockroach (D:2)
  5 goblins
  2 hobgoblins
  A frilled lizard (D:2)
  6 kobolds
  5 rats
31 creatures vanquished.

Notes
Turn   | Place    | Note
-------+----------+-------------------------------------------
     0 | D:1      | Lennu the Vine Stalker Transmuter began the quest for the Orb.
     0 | D:1      | Reached XP level 1. HP: 9/9 MP: 4/4
   290 | D:1      | Reached XP level 2. HP: 8/14 MP: 6/6
   614 | D:1      | Reached skill level 1 in Fighting
   833 | D:2      | Reached XP level 3. HP: 9/18 MP: 7/7
  1953 | D:2      | Found a glowing golden altar of the Shining One.
  2081 | D:2      | You fall through a shaft for 2 floors!
  2081 | D:4      | Noticed an ogre
  2097 | D:4      | Slain by a worker ant

Skill      XL: |  1  2  3 |
---------------+----------+-----
Fighting       | 1 |  1.0
Dodging        | 2 |  2.1
Stealth        | |  0.6
Unarmed Combat | |  3.6
Spellcasting   | |  2.4
Transmutations | |  2.5

Action                   || total
-------------------------++-------
Melee: Unarmed           ||    92
       Bite              ||    20
       Headbutt          ||     4
       Kick              ||     9
       Punch             ||     1
 Cast: Beastly Appendage ||    18
 Stab: Sleeping          ||     2
  Eat: Chunk             ||     4
Armor: Robe              ||     9
       Ring mail         ||    11
Dodge: Dodged            ||    50
